APP
CLEVELAND (APP) INDIANS @ SEATTLE (APP) MARINERS
10/20/2048
 
TOP OF THE 1ST
Detroit (APP) Tigers batting - Pitching for Greeneville Astros : RHP Aldomiro Camanho
Pitching: RHP Aldomiro Camanho
Batting: RHB Brian Bartholomew 0-0: Ball
1-0: Foul Ball, location: 2F
1-1: Bunted foul
1-2: Ball
2-2: Foul Ball, location: 2F
2-2: Ball
3-2: Base on Balls
Batting: RHB Raul Villa 0-0: Ball
Brian Bartholomew is caught stealing 2nd base 2-4
1-0: Ball
2-0: Swinging Strike
2-1: Swinging Strike
2-2: Strikes out swinging
Batting: RHB Drew Shamis 0-0: Called Strike
0-1: Swinging Strike
0-2: Ball
1-2: Ball
2-2: Ball
3-2: Foul Ball, location: 2F
3-2: Strikes out looking
Top of the 1st over - 0 runs, 0 hits, 0 errors, 0 left on base; Detroit (APP) 0 - Greeneville 0
BOTTOM OF THE 1ST
Greeneville Astros batting - Pitching for Detroit (APP) Tigers : RHP Mark Curtis
Pitching: RHP Mark Curtis
Batting: RHB Barry Brents 0-0: Ball
1-0: Called Strike
1-1: Ball
2-1: Ball
3-1: Foul Ball, location: 2F
3-2: Foul Ball, location: 2F
3-2: Base on Balls
Batting: SHB Yoo-chul Jung 0-0: Ball
1-0: Swinging Strike
1-1: Ball
2-1: Ball
3-1: Fly out, F3 (Popup, 3SF, EV 75.0 MPH)
Batting: LHB Rich Gomez 0-0: Foul Ball, location: 2F
0-1: Foul Ball, location: 2F
0-2: Ball
1-2: Ball
2-2: Strikes out swinging
Barry Brents steals 2nd base (no throw)
Batter strikes out.
Batting: RHB Garrett Pálsson 0-0: Foul Ball, location: 2F
0-1: Ball
Passed Ball!
Barry Brents to third
1-1: Foul Ball, location: 2F
1-2: Strikes out swinging
Bottom of the 1st over - 0 runs, 0 hits, 0 errors, 1 left on base; Detroit (APP) 0 - Greeneville 0
TOP OF THE 2ND
Detroit (APP) Tigers batting - Pitching for Greeneville Astros : RHP Aldomiro Camanho
Batting: RHB Mark Williamson 0-0: Called Strike
0-1: Fly out, F9 (Flyball, 9, EV 77.5 MPH)
Batting: RHB Danny Doster 0-0: Swinging Strike
0-1: Ball
1-1: Called Strike
1-2: Ball
2-2: Ball
3-2: Strikes out swinging, 2-3 out at first.
Batting: LHB Mike Elliott 0-0: Fly out, F8 (Flyball, 8RM, EV 83.8 MPH)
Top of the 2nd over - 0 runs, 0 hits, 0 errors, 0 left on base; Detroit (APP) 0 - Greeneville 0
BOTTOM OF THE 2ND
Greeneville Astros batting - Pitching for Detroit (APP) Tigers : RHP Mark Curtis
Batting: RHB Matt Lancto 0-0: Called Strike
0-1: Foul Ball, location: 2F
0-2: Ball
1-2: Strikes out looking
Batting: SHB Dong Ming 0-0: Ball
1-0: Ball
2-0: Called Strike
2-1: Swinging Strike
2-2: Ball
3-2: Fly out, F8 (Flyball, 78D, EV 91.9 MPH)
Batting: RHB Bobby Pedraza 0-0: Foul Ball, location: 2F
0-1: SINGLE (Groundball, 3S, EV 84.4 MPH) (infield hit)
Batting: SHB David Pinder 0-0: Ground out 4-3 (Groundball, 4, EV 83.8 MPH)
Bottom of the 2nd over - 0 runs, 1 hit, 0 errors, 1 left on base; Detroit (APP) 0 - Greeneville 0
TOP OF THE 3RD
Detroit (APP) Tigers batting - Pitching for Greeneville Astros : RHP Aldomiro Camanho
Batting: RHB Mike Pollock 0-0: Called Strike
0-1: Foul Ball, location: 2F
0-2: Strikes out looking
Batting: RHB Mike Ivanov 0-0: Called Strike
0-1: Ball
1-1: Foul Ball, location: 2F
1-2: DOUBLE (Line Drive, 78D, EV 108.1 MPH)
Batting: LHB Bryan Heiner 0-0: SINGLE (Groundball, 56, EV 105.0 MPH)
Mike Ivanov to third
Batting: RHB Brian Bartholomew 0-0: Called Strike
0-1: Ball
Wild Pitch!
Mike Ivanov scores
Bryan Heiner to second
1-1: Fly out, F7 (Flyball, 78S, EV 85.0 MPH)
Batting: RHB Raul Villa 0-0: Ball
1-0: SINGLE (Groundball, 6MS, EV 81.9 MPH) (infield hit)
Bryan Heiner to third
Batting: RHB Drew Shamis 0-0: DOUBLE (Line Drive, 9LM, EV 93.8 MPH)
Bryan Heiner scores
Raul Villa to third
Runner from 3rd tries for Home, SAFE, no throw by RF
Batting: RHB Mark Williamson 0-0: Ball
1-0: Ball
2-0: Called Strike
2-1: Foul Ball, location: 2F
2-2: Strikes out swinging
Top of the 3rd over - 3 runs, 4 hits, 0 errors, 1 left on base; Detroit (APP) 3 - Greeneville 0
BOTTOM OF THE 3RD
Greeneville Astros batting - Pitching for Detroit (APP) Tigers : RHP Mark Curtis
Batting: RHB Antonio Saldana 0-0: Called Strike
0-1: Ball
1-1: Ground out U3 (Groundball, 34, EV 85.0 MPH)
Batting: RHB Barry Brents 0-0: Called Strike
0-1: Swinging Strike
0-2: Ball
1-2: Ball
2-2: Ball
3-2: Ground out U3 (Groundball, 3, EV 82.5 MPH)
Batting: SHB Yoo-chul Jung 0-0: Ball
1-0: Called Strike
1-1: Fly out, F9 (Flyball, 9LM, EV 95.6 MPH)
Bottom of the 3rd over - 0 runs, 0 hits, 0 errors, 0 left on base; Detroit (APP) 3 - Greeneville 0
TOP OF THE 4TH
Detroit (APP) Tigers batting - Pitching for Greeneville Astros : RHP Aldomiro Camanho
Batting: RHB Danny Doster 0-0: Ball
1-0: Ball
2-0: Called Strike
2-1: Foul Ball, location: 2F
2-2: Foul Ball, location: 2F
2-2: Foul Ball, location: 2F
2-2: Foul Ball, location: 2F
2-2: Strikes out swinging
Batting: LHB Mike Elliott 0-0: DOUBLE (Groundball, 3L, EV 93.8 MPH) - OUT at third base trying to stretch hit.
Batting: RHB Mike Pollock 0-0: Ball
1-0: SOLO HOME RUN (Flyball, 7D, EV 107.5 MPH), Distance : 381 ft
Batting: RHB Mike Ivanov 0-0: Swinging Strike
0-1: Swinging Strike
0-2: Strikes out swinging
Top of the 4th over - 1 run, 2 hits, 0 errors, 0 left on base; Detroit (APP) 4 - Greeneville 0
BOTTOM OF THE 4TH
Greeneville Astros batting - Pitching for Detroit (APP) Tigers : RHP Mark Curtis
Batting: LHB Rich Gomez 0-0: Called Strike
0-1: Fly out, F5 (Flyball, 5D, EV 83.1 MPH)
Batting: RHB Garrett Pálsson 0-0: Called Strike
0-1: Called Strike
0-2: Fly out, F7 (Flyball, 7D, EV 91.9 MPH)
Batting: RHB Matt Lancto 0-0: Called Strike
0-1: Foul Ball, location: 2F
0-2: Foul Ball, location: 2F
0-2: Ball
1-2: Ball
2-2: Ball
3-2: Base on Balls
Batting: SHB Dong Ming 0-0: Called Strike
0-1: Ground out 4-3 (Groundball, 34, EV 88.1 MPH)
Bottom of the 4th over - 0 runs, 0 hits, 0 errors, 1 left on base; Detroit (APP) 4 - Greeneville 0
TOP OF THE 5TH
Detroit (APP) Tigers batting - Pitching for Greeneville Astros : RHP Aldomiro Camanho
Batting: LHB Bryan Heiner 0-0: Ball
1-0: Fly out, F8 (Flyball, 8LS, EV 86.3 MPH)
Batting: RHB Brian Bartholomew 0-0: Foul Ball, location: 2F
0-1: SOLO HOME RUN (Flyball, 89XD, EV 114.4 MPH), Distance : 399 ft
Pitching: LHP Tony Knight
Batting: RHB Raul Villa 0-0: Swinging Strike
0-1: Ground out 5-3 (Groundball, 56S, EV 94.4 MPH)
Batting: RHB Drew Shamis 0-0: Foul Ball, location: 2F
0-1: Fly out, F6 (Popup, 6, EV 73.8 MPH)
Top of the 5th over - 1 run, 1 hit, 0 errors, 0 left on base; Detroit (APP) 5 - Greeneville 0
BOTTOM OF THE 5TH
Greeneville Astros batting - Pitching for Detroit (APP) Tigers : RHP Mark Curtis
Batting: RHB Bobby Pedraza 0-0: Ball
1-0: Called Strike
1-1: Foul Ball, location: 2F
1-2: Foul Ball, location: 2F
1-2: Foul Ball, location: 2F
1-2: Ball
2-2: Ball
3-2: Foul Ball, location: 2F
3-2: DOUBLE (Flyball, 78XD, EV 89.4 MPH)
Batting: SHB David Pinder 0-0: Ball
1-0: Called Strike
1-1: Swinging Strike
1-2: SINGLE (Groundball, 34D, EV 100.6 MPH)
Bobby Pedraza to third
Batting: RHB Antonio Saldana 0-0: Called Strike
0-1: Ball
1-1: Ball
2-1: Swinging Strike
2-2: DOUBLE (Line Drive, 9LS, EV 93.8 MPH)
Bobby Pedraza scores
David Pinder to third
Pitching: LHP Joel White
Batting: RHB Barry Brents 0-0: Called Strike
0-1: Called Strike
0-2: Ground out 1-3 (Groundball, P, EV 89.4 MPH)
Batting: SHB Yoo-chul Jung 0-0: Foul Ball, location: 2F
0-1: Called Strike
0-2: Ball
Wild Pitch!
David Pinder scores
Antonio Saldana to third
1-2: Foul Ball, location: 2F
1-2: Fly out, F7 (Flyball, 78D, EV 103.8 MPH)
Runner from 3rd tags up, SCORES, throw by LF
Batting: LHB Rich Gomez 0-0: Foul Ball, location: 2F
0-1: Ball
1-1: Called Strike
1-2: Fly out, F9 (Flyball, 9LS, EV 95.0 MPH)
Bottom of the 5th over - 3 runs, 3 hits, 0 errors, 0 left on base; Detroit (APP) 5 - Greeneville 3
TOP OF THE 6TH
Detroit (APP) Tigers batting - Pitching for Greeneville Astros : LHP Tony Knight
Batting: RHB Mark Williamson 0-0: Ball
1-0: Called Strike
1-1: Called Strike
1-2: Strikes out looking
Batting: RHB Danny Doster 0-0: Swinging Strike
0-1: SINGLE (Flyball, 9S, EV 96.9 MPH)
Batting: LHB Mike Elliott 0-0: Ball
1-0: Called Strike
1-1: Called Strike
1-2: Strikes out swinging
Batting: RHB Mike Pollock Pickoff Throw to First - Error! E1
Danny Doster to second
0-0: Called Strike
0-1: Called Strike
0-2: Ball
1-2: Ball
2-2: Strikes out looking
Top of the 6th over - 0 runs, 1 hit, 1 error, 1 left on base; Detroit (APP) 5 - Greeneville 3
BOTTOM OF THE 6TH
Greeneville Astros batting - Pitching for Detroit (APP) Tigers : LHP Joel White
Batting: RHB Garrett Pálsson 0-0: Foul Ball, location: 2F
0-1: Foul Ball, location: 2F
0-2: Fly out, F8 (Flyball, 8LM, EV 89.4 MPH)
Batting: RHB Matt Lancto 0-0: Ball
1-0: Ball
2-0: Ball
3-0: Called Strike
3-1: SOLO HOME RUN (Flyball, 7LD, EV 106.9 MPH), Distance : 360 ft
Batting: SHB Dong Ming 0-0: Ball
1-0: Ground out 1-3 (Groundball, 15, EV 84.4 MPH)
Batting: RHB Bobby Pedraza 0-0: Foul Ball, location: 2F
0-1: Called Strike
0-2: SINGLE (Groundball, 34D, EV 105.6 MPH)
Batting: SHB David Pinder 0-0: Called Strike
0-1: Ball
1-1: Ball
2-1: Foul Ball, location: 2F
2-2: Ball
3-2: Base on Balls
Bobby Pedraza to second
Batting: RHB Antonio Saldana 0-0: Ball
1-0: Ball
2-0: SINGLE (Line Drive, 8LS, EV 107.5 MPH)
Bobby Pedraza to third
David Pinder to second
Runner from 3rd tries for Home, SAFE, no throw by CF
Batting: RHB Barry Brents 0-0: Called Strike
0-1: Ball
1-1: Foul Ball, location: 2F
1-2: Hit by Pitch
David Pinder to third
Antonio Saldana to second
Batting: SHB Yoo-chul Jung 0-0: Foul Ball, location: 2F
0-1: Ball
1-1: Foul Ball, location: 2F
1-2: DOUBLE (Line Drive, 7LM, EV 101.9 MPH)
David Pinder scores
Antonio Saldana scores
Barry Brents to third
Runner from 3rd tries for Home, SAFE, no throw by LF
Pitching: LHP Carlos Medina
Batting: LHB Rich Gomez 0-0: Ball
1-0: Ground out 6-3 (Groundball, 6, EV 81.9 MPH)
Bottom of the 6th over - 5 runs, 4 hits, 0 errors, 1 left on base; Detroit (APP) 5 - Greeneville 8
TOP OF THE 7TH
Detroit (APP) Tigers batting - Pitching for Greeneville Astros : LHP Tony Knight
Batting: RHB Mike Ivanov 0-0: DOUBLE (Flyball, 8RXD, EV 99.4 MPH) - OUT at third base trying to stretch hit.
Batting: LHB Bryan Heiner 0-0: Fly out, F8 (Flyball, 8LS, EV 87.5 MPH)
Batting: RHB Brian Bartholomew 0-0: Ball
1-0: Fly out, F8 (Flyball, 8RS, EV 83.1 MPH)
Top of the 7th over - 0 runs, 1 hit, 0 errors, 0 left on base; Detroit (APP) 5 - Greeneville 8
BOTTOM OF THE 7TH
Greeneville Astros batting - Pitching for Detroit (APP) Tigers : LHP Carlos Medina
Batting: RHB Garrett Pálsson 0-0: Called Strike
0-1: Fly out, F8 (Flyball, 78S, EV 85.0 MPH)
Batting: RHB Matt Lancto 0-0: Called Strike
0-1: SINGLE (Groundball, 6MD, EV 102.5 MPH)
Batting: SHB Dong Ming 0-0: Ball
1-0: Ball
2-0: Called Strike
2-1: Grounds into double play, 5-4-3 (Groundball, 56, EV 90.6 MPH)
Bottom of the 7th over - 0 runs, 1 hit, 0 errors, 0 left on base; Detroit (APP) 5 - Greeneville 8
TOP OF THE 8TH
Detroit (APP) Tigers batting - Pitching for Greeneville Astros : LHP Tony Knight
Batting: RHB Raul Villa 0-0: Ground out 5-3 (Groundball, 5, EV 91.9 MPH)
Batting: RHB Drew Shamis 0-0: Ball
1-0: Ball
2-0: Ground out 6-3 (Groundball, 6, EV 101.9 MPH)
Batting: RHB Mark Williamson 0-0: Ball
1-0: Foul Ball, location: 2F
1-1: Ball
2-1: Foul Ball, location: 2F
2-2: Foul Ball, location: 2F
2-2: Ball
3-2: Strikes out looking
Top of the 8th over - 0 runs, 0 hits, 0 errors, 0 left on base; Detroit (APP) 5 - Greeneville 8
BOTTOM OF THE 8TH
Greeneville Astros batting - Pitching for Detroit (APP) Tigers : LHP Carlos Medina
Batting: RHB Bobby Pedraza 0-0: Ball
1-0: Ball
2-0: Ball
3-0: Called Strike
3-1: Foul Ball, location: 2F
3-2: Foul Ball, location: 2F
3-2: Strikes out swinging
Batting: SHB David Pinder 0-0: Fly out, F9 (Flyball, 89M, EV 86.9 MPH)
Batting: RHB Antonio Saldana 0-0: Called Strike
0-1: Ball
1-1: Ball
2-1: Called Strike
2-2: Ball
3-2: Ground out 6-3 (Groundball, 6, EV 86.3 MPH)
Bottom of the 8th over - 0 runs, 0 hits, 0 errors, 0 left on base; Detroit (APP) 5 - Greeneville 8
TOP OF THE 9TH
Detroit (APP) Tigers batting - Pitching for Greeneville Astros : LHP Tony Knight
Pitching: RHP Jose Miranda
Batting: RHB Danny Doster 0-0: SINGLE (Flyball, 7S, EV 91.9 MPH)
Batting: LHB Mike Elliott 0-0: Ball
1-0: Ball
2-0: Ball
3-0: Foul Ball, location: 2F
3-1: Foul Ball, location: 2F
3-2: Foul Ball, location: 2F
3-2: Foul Ball, location: 2F
3-2: Foul Ball, location: 2F
3-2: Base on Balls
Danny Doster to second
Batting: RHB Mike Pollock 0-0: Ball
1-0: Ball
2-0: Called Strike
2-1: Called Strike
2-2: Fielders Choice at 2nd, 3-6 (Groundball, 3, EV 86.9 MPH)
Danny Doster to third
Pitching: LHP Jose Rivera
Batting: RHB Mike Ivanov 0-0: Ball
1-0: Ball
2-0: Ball
3-0: Called Strike
3-1: Base on Balls
Mike Pollock to second
Pinch Hitting: RHB Aaron Raymond 0-0: Ball
1-0: Ball
2-0: Ball
3-0: Base on Balls
Danny Doster scores
Mike Pollock to third
Mike Ivanov to second
Batting: RHB Brian Bartholomew 0-0: Called Strike
0-1: Swinging Strike
0-2: Strikes out swinging
Batting: RHB Raul Villa 0-0: Ball
1-0: Fly out, F5 (Popup, 56S, EV 78.8 MPH)
Top of the 9th over - 1 run, 1 hit, 0 errors, 3 left on base; Detroit (APP) 6 - Greeneville 8
Tuesday, March 28th , 2023 - OOTP Baseball 23.10 Build 110